 Dungeon Sprint DCSS version 0.31-a0-37-g98a128e1d9 (webtiles) character file.

Game seed: 12933346399402579266

10348 bmack86 the Executioner (level 11, -9/115 HPs)
             Began as a Minotaur Berserker on May 14, 2023.
             Was the Champion of Trog.
             Mangled by a hornet (11 damage)
             ... in the Dungeon (Sprint I: "Red Sonja").
             The game lasted 00:18:38 (1798 turns).

bmack86 the Executioner (Minotaur Berserker)        Turns: 1798, Time: 00:18:38

Health: -9/115     AC: 33    Str: 26    XL:     11   Next: 35%
Magic:  3/3        EV:  9    Int:  4    God:    Trog [******]
Gold:   1568       SH:  0    Dex: 15    Spells: 10/10 levels left

rFire   . . .        z - +4 executioner's axe (antimagic)
rCold   x . .        (shield currently unavailable)
rNeg    + . .        w - +10 plate armour {ponderous}
rPois   .            (helmet restricted)
rElec   .            p - +1 cloak {Will+}
rCorr   .            x - +0 pair of gloves of Fybrijan {rC- rN+ Dex+5}
SInv    .            v - +0 pair of boots {Fly}
Will    +++..        (no amulet) Stlth
                     (no ring)
HPRegen 1.39/turn    (no ring)
MPRegen 0.08/turn

%: no teleportation
@: lethally poisoned (-9 -> -13), strong-willed, flying, mesmerised,
regenerating, slowed, very slow
A: horns 2, retaliatory headbutt
a: Renounce Religion, Berserk, Trog's Hand, Brothers in Arms


You were in the Dungeon.
You worshipped Trog.
Trog was exalted by your worship.
You visited 1 branch You collected 2603 gold pieces.
You spent 1035 gold pieces at shops.

Inventory:

Hand Weapons
 a - a +0 hand axe
 i - a +3 battleaxe
 k - a +2 dagger of protection
 l - a +0 scythe
 s - a +2 battleaxe
 y - a +5 heavy broad axe
 z - a +4 antimagic executioner's axe (weapon)
Missiles
 n - 5 curare-tipped darts
Armour
 b - a +0 animal skin
 j - a +0 leather armour
 p - a +1 cloak of willpower (worn)
 q - a +0 pair of gloves
 r - a +0 ring mail
 v - a +0 pair of boots of flying (worn)
 w - a +10 plate armour of ponderousness (worn)
 x - the +0 pair of gloves of Fybrijan (worn) {rC- rN+ Dex+5}
   (You found it in the Dungeon)

   Dex:       It affects your dexterity (+5).
   rC:        It makes you vulnerable to cold.
   rN:        It protects you from negative energy.
Wands
 e - a wand of flame (14) (quivered)
 m - a wand of iceblast (6)
Scrolls
 h - a scroll of blinking
Potions
 c - 3 potions of curing
 d - a potion of heal wounds
 f - 2 potions of magic
 g - a potion of berserk rage
 o - 4 potions of haste
Miscellaneous
 t - a box of beasts
 u - a phantom mirror


   Skills:
 + Level 16.5 Fighting
 * Level 22.2 Axes
 + Level 16.3 Armour
 - Level 2.1 Dodging
 - Level 8.0 Evocations


You had 10 spell levels left.
You didn't know any spells.
Your spell library was empty.

Dungeon Overview and Level Annotations

Branches:
Dungeon (1/1)

Altars:
Cheibriados
Dithmenos
Elyvilon
Fedhas
Gozag
Hepliaklqana
Kikubaaqudgha
Makhleb
Nemelex Xobeh
Okawaru
Qazlal
Ru
Sif Muna
Trog
Uskayaw
Vehumet
Wu Jian
Xom
Yredelemnul
Zin
The Shining One
Jiyva
Lugonu

Shops:
D (:(!!:(*[!::*:[[*


Innate Abilities, Weirdness & Mutations

You have a pair of horns on your head.
You reflexively headbutt those who attack you in melee.


Message History

The merfolk siren chants its luring song.
The deep elf annihilator gestures at you while chanting.
The iron shot hits you!!!
* * * LOW HITPOINT WARNING * * *
You slice the hornet!!
You kill the hornet!
Trog accepts your kill. Trog grants you a weapon!
Something appears at your feet!
You see here the +1 executioner's axe "Lextae" {antimagic, rC++ rCorr Str-3 Dex+2}.
You slash the merfolk siren!
The merfolk siren's magic leaks into the air.
You miss the hornet. You slash the hornet!
The hornet stings you but does no damage.
The hornet barely misses you.
The merfolk siren chants its luring song.
The deep elf annihilator casts a spell.
The deep elf annihilator blinks!
The merfolk siren falters for a moment.
The hornet closely misses you. You furiously retaliate!
You headbutt the hornet, but do no damage.
Your skin crawls.
You feel strong-willed. The hornet stings you.
* * * LOW HITPOINT WARNING * * *
You suddenly lose the ability to move!
The hornet stings you but does no damage. x3
The merfolk siren chants its luring song.
You can move again.
You slash the merfolk siren!
The merfolk siren's magic leaks into the air.
Your headbutt misses the merfolk siren.
The merfolk siren is heavily wounded.
You slash the hornet! You miss the hornet. You hit the hornet.
The hornet stings you!
* * * LOW HITPOINT WARNING * * *
You are poisoned.
You feel yourself slow down. The hornet stings you.
* * * LOW HITPOINT WARNING * * *
You shrug off the repeated paralysis!
The hornet stings you!
You die...

#######################
§§§.†§§§§§.'..#..+.§§§#
§####†..§§##..'..#§...##
§# ##...#######'#.§(..#
.# ###+# #..#§$$§§# ##
#.# #..##§§$§# #..
#y@≈###+## ##.# #ymy.|#
. .## #.m≈.## .# ##..
#..≈## ## +###..≈# #
≈.e## ≈..# ##..#


You could see a deep elf annihilator, 2 merfolk sirens and 3 hornets.

Vanquished Creatures
  A hydra (D)
  2 centaur warriors (D)
  Sonja (D)
  A deep troll (D)
  A lindwurm (D)
  An oklob plant (D)
  2 demonic crawlers (D)
  A gargoyle (D)
  An unseen horror (D)
  2 kobold demonologists (D)
  A hellwing (D)
  2 hornets (D)
  Sigmund (D)
  A slime creature (D)
  A yak (D)
  13 hogs (D)
  2 redbacks (D)
  3 floating eyes (D)
  An ogre (D)
  4 jellies (D)
  Ijyb (D)
43 creatures vanquished.

Vanquished Creatures (collateral kills)
  2 demonic crawlers (D)
  An unseen horror (D)
  7 necrophages (D)
  4 jellies (D)
14 creatures vanquished.

Vanquished Creatures (others)
  2 ballistomycete spores (D)
2 creatures vanquished.

Grand Total: 59 creatures vanquished

Notes
Turn   | Place    | Note
-------+----------+-------------------------------------------
     0 | D        | bmack86 the Minotaur Berserker began the quest for the Orb.
     0 | D        | Reached XP level 1. HP: 19/19 MP: 0/0
     3 | D        | Noticed Ijyb
    13 | D        | Killed Ijyb
    14 | D        | Reached skill level 5 in Fighting
    14 | D        | Reached skill level 6 in Axes
    14 | D        | Reached XP level 2. HP: 16/29 MP: 1/1
    50 | D        | Noticed an ogre
    60 | D        | Killed an ogre
    61 | D        | Reached skill level 8 in Axes
    61 | D        | Reached skill level 5 in Armour
    61 | D        | Reached XP level 3. HP: 20/37 MP: 2/2
    61 | D        | Reached XP level 4. HP: 24/44 MP: 3/3
   132 | D        | Noticed Sigmund
   143 | D        | Killed Sigmund
   143 | D        | Reached ** piety under Trog
   144 | D        | Reached skill level 10 in Axes
   144 | D        | Reached XP level 5. HP: 50/53 MP: 4/4
   161 | D        | Found a burning altar of Makhleb.
   161 | D        | Found a viscous altar of Jiyva.
   161 | D        | Found a shimmering altar of Xom.
   161 | D        | Found a corrupted altar of Lugonu.
   161 | D        | Noticed a slime creature
   167 | D        | Killed a slime creature
   168 | D        | Reached skill level 11 in Axes
   168 | D        | Reached skill level 5 in Evocations
   168 | D        | Reached XP level 6. HP: 15/62 MP: 5/5
   425 | D        | Found an ornate altar of the Wu Jian Council.
   425 | D        | Found a shimmering blue altar of Sif Muna.
   427 | D        | Found a radiant altar of Vehumet.
   464 | D        | Found Casan's Book Emporium.
   464 | D        | Found an ancient bone altar of Kikubaaqudgha.
   464 | D        | Found a hazy altar of Hepliaklqana.
   464 | D        | Found a stormy altar of Qazlal.
   464 | D        | Found a hide-covered altar of Uskayaw.
   464 | D        | Found a blossoming altar of Fedhas.
   464 | D        | Found a bloodstained altar of Trog.
   464 | D        | Found an iron altar of Okawaru.
   464 | D        | Found a basalt altar of Yredelemnul.
   464 | D        | Found a glowing golden altar of the Shining One.
   464 | D        | Found a snail-covered altar of Cheibriados.
   464 | D        | Found a sacrificial altar of Ru.
   464 | D        | Found a glowing silver altar of Zin.
   464 | D        | Found a shadowy altar of Dithmenos.
   464 | D        | Found a white marble altar of Elyvilon.
   464 | D        | Noticed a yak
   472 | D        | Killed a yak
   473 | D        | Reached skill level 12 in Axes
   473 | D        | Reached XP level 7. HP: 40/70 MP: 6/6
   473 | D        | Found an opulent altar of Gozag.
   474 | D        | Found a sparkling altar of Nemelex Xobeh.
   568 | D        | Noticed Sonja
   575 | D        | Killed Sonja
   575 | D        | Reached *** piety under Trog
   576 | D        | Reached skill level 10 in Fighting
   576 | D        | Reached skill level 14 in Axes
   576 | D        | Reached skill level 10 in Armour
   576 | D        | Reached XP level 8. HP: 66/80 MP: 7/7
   628 | D        | Found Rotolat's Antique Weapon Boutique.
   648 | D        | Noticed a deep troll
   658 | D        | Killed a deep troll
   659 | D        | Reached skill level 15 in Axes
   668 | D        | Found Vutzurch's Armour Emporium.
   675 | D        | Bought a +1 cloak of willpower for 165 gold pieces
   675 | D        | Bought a +0 pair of gloves for 45 gold pieces
   685 | D        | Bought a +0 ring mail for 40 gold pieces
   834 | D        | Noticed a centaur warrior
   835 | D        | Noticed a centaur warrior
   837 | D        | Noticed a hornet
   842 | D        | Killed a centaur warrior
   843 | D        | Reached skill level 16 in Axes
   843 | D        | Reached XP level 9. HP: 90/90 MP: 8/8
   847 | D        | Killed a centaur warrior
   847 | D        | Reached **** piety under Trog
   848 | D        | Reached skill level 17 in Axes
   975 | D        | Noticed an oklob plant
   982 | D        | Killed an oklob plant
  1046 | D        | Reached skill level 18 in Axes
  1064 | D        | Reached XP level 10. HP: 101/101 MP: 9/9
  1064 | D        | Reached ***** piety under Trog
  1069 | D        | Received a gift from Trog
  1075 | D        | Reached skill level 19 in Axes
  1086 | D        | Received a gift from Trog
  1109 | D        | Found Ehesahuj's Distillery.
  1109 | D        | Found Qyqaqian's Antique Weapon Shop.
  1109 | D        | Found Xipp's Distillery.
  1111 | D        | Found Opnen's Book Emporium.
  1111 | D        | Found Xuydace's Antique Weapon Shop.
  1111 | D        | Found Foarud's General Store.
  1111 | D        | Found Nahuecih's Armour Boutique.
  1111 | D        | Found Apuqik's Distillery.
  1111 | D        | Found Dait Larph's Book Shop.
  1111 | D        | Found Minigittia's Book Shoppe.
  1115 | D        | Found Maizesuc's General Store.
  1116 | D        | Found Xocvovve's Antique Armour Emporium.
  1116 | D        | Found Zadol's Book Boutique.
  1117 | D        | Found Verchaffu's General Store.
  1119 | D        | Bought a +0 pair of boots of flying for 161 gold pieces
  1133 | D        | Bought a glowing plate armour for 624 gold pieces
  1206 | D        | Noticed a demonic crawler
  1206 | D        | Noticed a demonic crawler
  1206 | D        | Noticed a demonic crawler
  1206 | D        | Noticed a demonic crawler
  1208 | D        | Killed a demonic crawler
  1214 | D        | Killed a demonic crawler
  1215 | D        | Reached skill level 20 in Axes
  1220 | D        | Killed a demonic crawler
  1221 | D        | Killed a demonic crawler
  1222 | D        | Reached skill level 15 in Fighting
  1228 | D        | Identified the +0 pair of gloves of Fybrijan {rC- rN+
                  | Dex+5}
  1363 | D        | Noticed a gargoyle
  1370 | D        | Killed a gargoyle
  1371 | D        | Reached skill level 15 in Armour
  1444 | D        | Noticed a lindwurm
  1449 | D        | Killed a lindwurm
  1449 | D        | Received a gift from Trog
  1466 | D        | Reached skill level 21 in Axes
  1466 | D        | Reached XP level 11. HP: 113/113 MP: 10/10
  1481 | D        | Received a gift from Trog
  1485 | D        | Reached ****** piety under Trog
  1506 | D        | Noticed a 12-headed hydra
  1508 | D        | Paralysed by a floating eye for 4 turns
  1513 | D        | Killed a 14-headed hydra
  1514 | D        | Reached skill level 22 in Axes
  1790 | D        | Noticed a deep elf annihilator
  1796 | D        | Identified the +1 executioner's axe "Lextae" {antimagic,
                  | rC++ rCorr Str-3 Dex+2} (Trog gifted it to you in the
                  | Dungeon)
  1796 | D        | Received a gift from Trog
  1797 | D        | Paralysed by a hornet for 1 turns
  1798 | D        | HP: 2/115 [hornet (5)]
  1798 | D        | Mangled by a hornet

Illustrated notes

Levels and vault maps discovered:
D:        dungeon_sprint_1 [red_sonja_temple_1, red_sonja_temple_small_1]

Skill      XL: |  1  2  3  4  5  6  7  8  9 10 11 |
---------------+----------------------------------+-----
Fighting       | 5 6 7 8 9 10 12 13 15 16 | 16.5
Axes           | 6 8 10 11 12 14 16 18 21 22 | 22.2
Armour         | 4 5 7 8 10 11 13 15 16 | 16.3
Evocations     | 2 4 5 6 8 |  8.0
Dodging        | |  2.1

Action                     |  1- 3 |  4- 6 |  7- 9 | 10-12 || total
---------------------------+-------+-------+-------+-------++-------
  Melee: Hand axe          |     9 |       |       |       ||     9
         Headbutt          |     3 |     5 |     6 |    10 ||    24
         Dagger            |     9 |     8 |       |       ||    17
         Halberd           |       |    16 |    36 |     1 ||    53
         Battleaxe         |       |       |       |    40 ||    40
         Executioner's axe |       |       |       |    13 ||    13
 Invoke: Berserk           |     1 |     1 |     3 |     2 ||     7
         Brothers in Arms  |       |       |     1 |     2 ||     3
         Trog's Hand       |       |       |       |     1 ||     1
  Evoke: Wand              |       |     1 |     4 |       ||     5
    Use: Potion            |       |     1 |       |       ||     1
         Scroll            |       |       |     3 |       ||     3
   Stab: Paralysed         |       |       |     6 |       ||     6
 Armour: Leather armour    |       |     1 |     1 |       ||     2
         Ring mail         |       |       |     8 |    11 ||    19
         Plate armour      |       |       |       |   114 ||   114
  Dodge: Dodged            |     7 |     8 |    12 |    33 ||    60

Table legend: (Time is in decaauts)
 A = Elapsed time spent in this place.
 B = Non-inter-level travel time spent in this place.
 C = Inter-level travel time spent in this place.
 D = Time resting spent in this place.
 E = Time spent auto-exploring this place.
 F = Levels seen in this place.
 G = Mean time per level.
                   A        B        C        D        E       F      G
               +--------+--------+--------+--------+--------+-----+--------+
         Total |   1859 |   1859 |      0 |   1075 |      0 |   1 | 1859.0 |
       Dungeon |   1859 |   1859 |      0 |   1075 |      0 |   1 | 1859.0 |
               +--------+--------+--------+--------+--------+-----+--------+

Top non-repeatable levels by time:
       D: 1859 daAuts
